 Dungeon Crawl Stone Soup version 0.31.0-32-g396128a36d (webtiles) character file.

Game seed: 16549161961799453043

498 Silvore the Cudgeller (level 6, -17/56 HPs)
             Began as a Minotaur Fighter on Apr 13, 2024.
             Demolished by an ogre
             ... wielding a +0 giant club
              (28 damage)
             ... on level 5 of the Dungeon.
             The game lasted 00:04:41 (4505 turns).

Silvore the Cudgeller (Minotaur Fighter)            Turns: 4505, Time: 00:04:42

Health: -17/56     AC: 12    Str: 23    XL:     6   Next: 94%
Magic:  5/5        EV:  8    Int:  5    God:
Gold:   254        SH:  4    Dex:  9    Spells: 5/5 levels left

rFire   . . .        a - +0 flail (vamp)
rCold   . . .        c - +0 buckler
rNeg    . . .        h - +0 chain mail
rPois   .            (helmet restricted)
rElec   .            (no cloak)
rCorr   +            n - +1 pair of gloves
SInv    .            (no boots)
Will    .....        (no amulet) Stlth
                     o - ring of resist corrosion
HPRegen 0.29/turn    (no ring)
MPRegen 0.09/turn

%: no passive effects
@: no status effects
A: horns 2, retaliatory headbutt
a: no special abilities


You were on level 5 of the Dungeon.
You visited 1 branch of the dungeon, and saw 5 of its levels.

You collected 254 gold pieces.

Inventory:

Hand Weapons
 a - a +0 vampiric flail (weapon)
Armour
 b - a +0 scale mail
 c - a +0 buckler (worn)
 h - a +0 chain mail (worn)
 n - a +1 pair of gloves (worn)
Jewellery
 f - a ring of fire
 o - a ring of resist corrosion (left hand)
Wands
 k - a wand of mindburst (13)
 q - a wand of polymorph (13)
Scrolls
 i - 2 scrolls of teleportation
 l - a scroll of blinking
 m - a scroll of silence
Potions
 d - a potion of might
 e - 3 potions of curing
 g - a potion of resistance
 j - a potion of attraction {unknown}
 p - a potion of lignification {unknown}


   Skills:
 + Level 5.6 Fighting
 + Level 6.1 Maces & Flails
 + Level 5.1 Armour
 + Level 1.5 Dodging
 + Level 0.1 Stealth
 + Level 4.4 Shields


You had 5 spell levels left.
You didn't know any spells.
Your spell library contained the following spells:

 Spells                   Type           Power      Damage    Failure   Level
 Sandblast                Erth           0%         2d4       98%         1
 Ensorcelled Hibernation  Hex/Ice        0%         N/A       99%         2
 Fugue of the Fallen      Necr           0%         N/A       100%        3
 Passwall                 Erth           0%         N/A       100%        3
 Stone Arrow              Conj/Erth      0%         3d7       100%        3
 Anguish                  Hex/Necr       0%         N/A       100%        4
 Brom's Barrelling Bould  Conj/Erth      0%         2d3       100%        4


Dungeon Overview and Level Annotations

Branches:
Dungeon (5/15)
 Temple: D:4-7

Altars:


Innate Abilities, Weirdness & Mutations

You have a pair of horns on your head.
You reflexively headbutt those who attack you in melee.


Message History

No target in view!
No target in view!
No target in view!
You now have 254 gold pieces (gained 15).
An ogre comes into view. It is wielding a +0 giant club.
Found 10 gold pieces.
The ogre shouts!
You see here 3 gold pieces.
You sock the ogre! You headbutt the ogre.
The ogre is moderately wounded.
The ogre hits you with a +0 giant club!!
Ouch! That really hurt!
You are too injured to fight recklessly!
You are too injured to fight recklessly!
You are too injured to fight recklessly!
You are too injured to fight recklessly!
You are too injured to fight recklessly!
You are too injured to fight recklessly!
You are too injured to fight recklessly!
You are too injured to fight recklessly!
You are too injured to fight recklessly!
You are too injured to fight recklessly!
You are too injured to fight recklessly!
You hit the ogre.
You feel better.
The ogre is moderately wounded.
The ogre hits you with a +0 giant club!!
* * * LOW HITPOINT WARNING * * *
Unknown command.
You sock the ogre!
You feel better.
The ogre is severely wounded.
The ogre hits you with a +0 giant club!
* * * LOW HITPOINT WARNING * * *
You closely miss the ogre.
You headbutt the ogre, but do no damage.
The ogre is severely wounded.
You closely miss the ogre.
The ogre is severely wounded.
The ogre hits you with a +0 giant club!!
Ouch! That really hurt!
You die...

#### ## ## ......# ...
..#......# #.###.#.$....#
.....#.....#...?..# ##
#.....#.....#...[..#
.####.. ..#.....#.....
...##.. ..#...^.O..#
...##.#+#.#.....@..#######
...##.#.#.#...$...........
....#.#.#.#...............
......#.#.#...............
####......#...............
....#.#...#...............
....#[#.#.................
....#.#.#..####...........
....#.#.#.....#...........


You could see an ogre.

Vanquished Creatures
  2 bullfrogs
  The ghost of Abstruse the Covered, a weakling GrFi of Qazlal (D:3)
  A jelly (D:5)
  An iguana (D:5)
  A sleepcap (D:5)
  4 gnolls (D:3)
  8 adders
  A white imp (D:3)
  3 dart slugs
  5 ribbon worms
  3 adder simulacra (D:3)
  10 orcs
  6 bats
  8 endoplasms
  A giant cockroach (D:1)
  4 goblins
  9 hobgoblins
  13 jackals (D:4)
  A quokka (D:1)
  11 ball pythons
  A ball python simulacrum (D:3)
  5 frilled lizards
  8 kobolds
  8 rats
115 creatures vanquished.

Notes
Turn   | Place    | Note
-------+----------+-------------------------------------------
     0 | D:1      | Silvore the Minotaur Fighter began the quest for the Orb.
     0 | D:1      | Reached XP level 1. HP: 19/19 MP: 0/0
   196 | D:1      | Reached XP level 2. HP: 27/27 MP: 1/1
  1008 | D:2      | Reached XP level 3. HP: 30/34 MP: 2/2
  1118 | D:2      | Reached skill level 3 in Maces & Flails
  1522 | D:2      | Reached XP level 4. HP: 41/41 MP: 3/3
  1777 | D:3      | Found a runed translucent gate.
  1777 | D:3      | Found a runed translucent gate.
  1777 | D:3      | Found a runed translucent gate.
  1818 | D:3      | Reached skill level 4 in Maces & Flails
  1832 | D:3      | Reached XP level 5. HP: 12/47 MP: 4/4
  2136 | D:3      | Reached skill level 5 in Fighting
  2240 | D:3      | Noticed Abstruse's ghost (weakling GrFi)
  3225 | D:3      | Killed Abstruse's ghost
  3226 | D:3      | Reached skill level 1 in Dodging
  3356 | D:4      | Reached skill level 5 in Maces & Flails
  3531 | D:4      | Reached XP level 6. HP: 45/56 MP: 5/5
  4194 | D:5      | Entered Level 5 of the Dungeon
  4215 | D:5      | Reached skill level 5 in Armour
  4434 | D:5      | Reached skill level 6 in Maces & Flails
  4505 | D:5      | Demolished by an ogre

Illustrated notes

Levels and vault maps discovered:
D:1:      spicycebolla_arrival_ecumenical, layout_basic, minivault_27,
          kennysheep_decorative_pillar
D:2:      minmay_chambers_of_twos, layout_basic
D:3:      layout_basic, serial_curves, eino_curves_01, eino_curves_01,
          gammafunk_ghost_icy
D:4:      layout_basic, minmay_hedge_maze, kennysheep_cluttered_room,
          corexii_item_surrounded_by_moat
D:5:      layout_basic, yredelemnul_altar_generic,
          mainiacjoe_overflow_six_doors_small, solitary_fountain, minivault_26

Skill      XL: |  1  2  3  4  5  6 |
---------------+-------------------+-----
Fighting       | 4 5 |  5.6
Armour         | 4 5 |  5.1
Maces & Flails | 3 4 5 6 |  6.1
Shields        | 4 |  4.4
Dodging        | 1 |  1.5
Stealth        | |  0.1

Action                     |  1- 3 |  4- 6 || total
---------------------------+-------+-------++-------
  Melee: Flail             |    66 |   194 ||   260
         Headbutt          |     8 |    34 ||    42
    Use: Scroll            |     4 |     6 ||    10
         Potion            |       |     2 ||     2
 Armour: Scale mail        |    49 |    17 ||    66
         Chain mail        |       |   161 ||   161
  Dodge: Dodged            |    31 |    99 ||   130
  Block: Buckler           |     7 |    51 ||    58
